 Dungeon Crawl Stone Soup version 0.27-a0-1149-g4505690ab0 (webtiles) character file.

Game seed: 3858187635307150746

88 dickylongcocking the Magician (level 4, 0/31 HPs)
             Began as a Djinni Fire Elementalist on May 12, 2021.
             Slain by a gnoll
             ... wielding a +0 spear
              (8 damage)
             ... on level 3 of the Dungeon.
             The game lasted 00:02:40 (3300 turns).

dickylongcocking the Magician (DjFE)                Turns: 3300, Time: 00:02:40

Health: 0/31       AC:  2    Str:  7    XL:     4   Next: 82%
Gold:   112        EV: 12    Int: 18    God:
                   SH:  0    Dex: 13

rFire    + + .     SeeInvis .   c - +0 rapier
rCold    x . .     Faith    .   (no shield)
rNeg     . . .     Spirit   .   a - +0 robe
rPois    ∞         Reflect  .   (no helmet)
rElec    .         Harm     .   (no cloak)
rCorr    .         Rampage  .   (no gloves)
Will     .....                  (boots unavailable)
Stlth    ++........             (no amulet)
HPRegen  0.10/turn              (no ring)
MPRegen  0.00/turn              (no ring)

@: unable to read, attractive, flying
A: sickness immunity, fire resistance 2, cold vulnerability 1, float, innate
caster, hp casting, extra vitality 1, wild magic 1, inability to read while
threatened, MP-powered wands
a: no special abilities


You were on level 3 of the Dungeon.
You visited 1 branch of the dungeon, and saw 3 of its levels.

You collected 112 gold pieces.

Inventory:

Hand Weapons
 c - a +0 rapier (weapon)
Armour
 a - a +0 robe (worn)
Magical Staves
 f - a staff of poison
Jewellery
 e - a ring of see invisible
Scrolls
 d - a scroll of enchant weapon {unknown}
 i - 2 scrolls of noise {unknown}
 k - 2 scrolls of identify {unknown}
 l - a scroll of vulnerability {unknown}
 m - a scroll of acquirement {unknown}
 o - 2 scrolls of teleportation {unknown}
 p - a scroll of amnesia {unknown}
Potions
 h - a potion of might {unknown}


   Skills:
 + Level 0.1 Fighting
 + Level 0.1 Short Blades
 + Level 2.4 Dodging
 + Level 1.9 Stealth
 + Level 3.8 Spellcasting


You couldn't memorise any spells.
You knew the following spells:

 Your Spells              Type           Power      Damage    Failure   Level
a - Foxfire               Conj/Fire      88%        2x1d8     5%          1
b - Conjure Flame         Conj/Fire      22%        6-21      14%         3
c - Inner Flame           Hex/Fire       22%        N/A       14%         3
d - Sticky Flame          Conj/Fire      22%        2d4       38%         4
e - Fireball              Conj/Fire      11%        3d7       73%         5
f - Magic Dart            Conj           88%        1d7       5%          1
Your spell library was empty.

Dungeon Overview and Level Annotations

Branches:
Dungeon (3/15)

Altars:
Kikubaaqudgha

Shops:
D:2 *   D:3 (


Innate Abilities, Weirdness & Mutations

You are immune to sickness and miasma.
You are immune to poison.
Your flesh is very heat resistant. (rF++)
You are vulnerable to cold. (rC-)
You float through the air rather than walking.
You learn spells naturally, not from books.
Your magical power is your life essence.
You have superior vitality. (+4 HP)
Your spells are a little harder to cast, but a little more powerful.
You sometimes lose the ability to read scrolls when taking damage.
You expend health (3 HP) to strengthen your wands.


Message History

It was a potion of attraction.
You feel attractive to monsters. The gnoll is pulled toward you! x4
It was a potion of mutation.
You feel extremely strange.
You feel your magical essence link to the dungeon's wands.
You lose the ability to read scrolls when threatened.
You feel less in control of your magic. The gnoll hits you with a +0 flail.
You feel threatened and lose the ability to read scrolls!
* * * LOW HITPOINT WARNING * * *
The gnoll closely misses you.
Unknown command.
Unknown command.
Unknown command.
It was a potion of flight.
You feel more buoyant. The gnoll barely misses you. The gnoll misses you.
It was a potion of heal wounds.
You feel much better.
You can read scrolls again.
The gnoll hits you with a +0 flail! The gnoll closely misses you.
Casting: Sticky Flame (potentially lethal; 38% risk of failure)
Confirm with . or Enter, or press ? or * to list all spells.
Okay, then.
Casting: Sticky Flame (potentially lethal; 38% risk of failure)
Confirm with . or Enter, or press ? or * to list all spells.
The spell is potentially lethal to cast (38% risk of failure)!
Continue anyway?
Aiming: Sticky Flame (potentially lethal; 38% risk of failure)
Press: ? - help, Shift-Dir - straight line, f/p - gnoll
Aim: a gnoll, wielding a +0 flail (moderately wounded, inner flame, 100% to hit)
The sticky flame hits the gnoll.
Flame seeps out of the gnoll.
The gnoll is severely wounded.
The gnoll is covered in liquid flames!
The gnoll burns!
The gnoll explodes!
The fiery explosion engulfs you! You resist.
You feel threatened and lose the ability to read scrolls!
* * * LOW HITPOINT WARNING * * *
The fiery explosion engulfs the gnoll!
You kill the gnoll!
The gnoll hits you with a +0 spear!
You die...

#.....#......#....
#######......#.###
################......#.#
......(....gg.g<#g#.###.#
######.##########g#.....#
###..## #.#######
...####.....# #.#
........≈.≈.#########.#
#.####..≈⌠...g@○§gg...#
##.≈≈..###########
#.....# ###.### #.# #.#
#.# #.# ..


You could see 3 gnolls.

Vanquished Creatures
  5 gnolls (D:3)
  An adder (D:3)
  2 worms
  6 ball pythons
  5 endoplasms
  A giant cockroach (D:3)
  3 goblins
  5 hobgoblins
  4 jackals (D:1)
  A bat (D:2)
  7 frilled lizards
  4 kobolds
  4 rats
48 creatures vanquished.

Vanquished Creatures (collateral kills)
  A foxfire (D:3)
1 creature vanquished.

Vanquished Creatures (others)
  131 foxfires
  2 withered plants (D:3)
133 creatures vanquished.

Grand Total: 182 creatures vanquished

Notes
Turn   | Place    | Note
-------+----------+-------------------------------------------
     0 | D:1      | dickylongcocking the Djinni Fire Elementalist began the
                  | quest for the Orb.
     0 | D:1      | Reached XP level 1. HP: 15/15 MP: 0/0
   304 | D:1      | Found a faded altar of an unknown god.
   333 | D:1      | Reached XP level 2. HP: 19/21 MP: 0/0
   793 | D:1      | Reached skill level 3 in Spellcasting
   801 | D:1      | Reached XP level 3. HP: 14/25 MP: 0/0
   801 | D:1      | Learned a level 1 spell: Magic Dart
  1724 | D:2      | Found Cetaoro's General Store.
  2396 | D:3      | Reached XP level 4. HP: 28/31 MP: 0/0
  2455 | D:3      | Found Isavezom's Weapon Shop.
  3280 | D:3      | HP: 1/31 [something (11)]
  3297 | D:3      | Gained mutation: You expend health (3 HP) to strengthen
                  | your wands. [potion of mutation]
  3297 | D:3      | Gained mutation: You sometimes lose the ability to read
                  | scrolls when taking damage. [potion of mutation]
  3297 | D:3      | Gained mutation: Your spells are a little harder to cast,
                  | but a little more powerful. [potion of mutation]
  3297 | D:3      | HP: 1/31 [gnoll/+0 flail (2)]
  3300 | D:3      | Slain by a gnoll

Illustrated notes

Levels and vault maps discovered:
D:1:      mrwooster_arrival_statue_2, layout_basic,
          ebering_ecumenical_altar_petrified, serial_rivers,
          chequers_serial_rivers_room_a, chequers_serial_rivers_large_a,
          chequers_serial_rivers_micro_e, chequers_serial_rivers_small_b,
          chequers_serial_rivers_small_b
D:2:      layout_basic, serial_shops, shop, minivault_14
D:3:      layout_basic, kiku_gazebo_garden_becter, serial_shops,
          nicolae_shop_waterfront, st_stairs_13, corexii_leaking_fountain,
          minmay_misc_feat_doors

Skill      XL: |  1  2 |
---------------+-------+-----
Spellcasting   | 3 |  3.8
Fighting       | |  0.1
Short Blades   | |  0.1
Dodging        | |  2.4
Stealth        | |  1.9

Action                   |  1- 3 |  4- 6 || total
-------------------------+-------+-------++-------
Melee: Unarmed           |     2 |       ||     2
       Rapier            |    12 |    15 ||    27
 Cast: Foxfire           |    62 |    28 ||    90
       Inner Flame       |       |     3 ||     3
       Sticky Flame      |       |     1 ||     1
  Use: Potion            |       |     4 ||     4
Armor: Robe              |     5 |     4 ||     9
Dodge: Dodged            |    23 |    21 ||    44

Table legend: (Time is in decaauts)
 A = Elapsed time spent in this place.
 B = Non-inter-level travel time spent in this place.
 C = Inter-level travel time spent in this place.
 D = Time resting spent in this place.
 E = Time spent auto-exploring this place.
 F = Levels seen in this place.
 G = Mean time per level.
                   A        B        C        D        E       F      G
               +--------+--------+--------+--------+--------+-----+--------+
         Total |   3303 |   3250 |     53 |      0 |   2835 |   3 | 1101.0 |
       Dungeon |   3303 |   3250 |     53 |      0 |   2835 |   3 | 1101.0 |
               +--------+--------+--------+--------+--------+-----+--------+

Top non-repeatable levels by time:
     D:1: 1330 daAuts
     D:3: 1125 daAuts
     D:2: 847 daAuts
